 Dungeon Crawl Stone Soup version 0.22-a0-254-gaf95ca0ccb (webtiles) character file.

191218 RedPan the Brawler (level 18, -3/145 HPs)
             Began as a Demonspawn Monk on Mar 4, 2018.
             Was the Champion of Cheibriados.
             Killed from afar by a shock serpent (8 damage)
             ... with an electric aura
             ... on level 4 of the Snake Pit.
             The game lasted 01:16:06 (33305 turns).

RedPan the Brawler (Demonspawn Monk)               Turns: 33305, Time: 01:16:14

Health: -3/145     AC: 33    Str: 37    XL:     18   Next: 0%
Magic:  0/25       EV: 22    Int: 27    God:    Cheibriados [******]
Gold:   1048       SH: 21    Dex: 36    Spells: 12/17 levels left

rFire    . . .     SeeInvis .     - Unarmed
rCold    + . .     Gourm    .   w - +4 shield {reflect}
rNeg     + . .     Faith    .   e - +4 chain mail "Miecaoge" {Dex+4}
rPois    +         Spirit   +   o - +1 helmet
rElec    .         Reflect  +   a - +0 cloak
rCorr    .         Harm     .   (no gloves)
MR       +....                  (no boots)
Stlth    ..........             G - amulet of the acrobat
HPRegen  0.34/turn              i - ring of poison resistance
MPRegen  0.38/turn              F - ring of positive energy

@: lethally poisoned (-3 -> -3), very slow
A: claws 1, iridescent scales 2, cold resistance 1, icemail, robust 1, strong 2,
magic shield, magic regeneration, magic link, freezing cloud immunity
a: Bend Time, Temporal Distortion, Slouch, Step From Time, Renounce Religion


You were on level 4 of the Snake Pit.
You worshipped Cheibriados.
Cheibriados was exalted by your worship.
You were not hungry.

You visited 4 branches of the dungeon, and saw 27 of its levels.

You collected 2991 gold pieces.
You spent 1943 gold pieces at shops.

Inventory:

Armour
 a - a +0 cloak (worn)
 e - the +4 chain mail "Miecaoge" (worn) {Dex+4}
   (You found it on level 11 of the Dungeon)

   It affects your dexterity (+4).
 h - a +0 large shield
 o - a +1 helmet (worn)
 w - a +4 shield of reflection (worn)
Jewellery
 i - a ring of poison resistance (left claw)
 m - an uncursed ring of resist corrosion
 r - an uncursed ring of wizardry
 t - an uncursed ring of fire
 B - a +2 ring of slaying
 F - a ring of positive energy (right claw)
 G - an amulet of the acrobat (around neck)
Wands
 k - a wand of acid (11)
 l - a wand of scattershot (5)
 v - a wand of digging (41)
 y - a wand of iceblast (12)
 C - a wand of paralysis (29)
 H - a wand of enslavement (8)
 J - a wand of polymorph (24)
 T - a wand of flame (40)
Scrolls
 c - 6 scrolls of remove curse
 d - a scroll of fear
 g - 16 scrolls of identify
 j - 6 scrolls of amnesia
 u - 2 scrolls of magic mapping
 x - 3 scrolls of enchant weapon
 D - a scroll of teleportation
 L - 3 scrolls of fog
 S - 3 scrolls of blinking
Potions
 f - 2 potions of heal wounds
 n - 3 potions of brilliance
 p - 2 potions of might
 q - 3 potions of haste
 s - a potion of resistance
 z - 10 potions of curing
 A - 3 potions of magic
 K - 2 potions of flight
 M - a potion of invisibility
 R - 2 potions of ambrosia
 U - a potion of mutation
Comestibles
 b - 42 rations


   Skills:
 - Level 9.0 Fighting
 + Level 9.9 Armour
 - Level 11.0 Dodging
 - Level 1.7 Stealth
 + Level 12.4 Shields
 - Level 18.0 Unarmed Combat
 + Level 8.4 Necromancy
 - Level 1.1 Transmutations
 + Level 9.3 Earth Magic
 - Level 10.3 Invocations


You had 12 spell levels left.
You knew the following spells:

 Your Spells              Type           Power        Failure   Level  Hunger
a - Passwall              Tmut/Erth      ####......   9%          2    ###....
b - Regeneration          Chrm/Necr      ###.......   26%         3    ####...


Dungeon Overview and Level Annotations

Branches:
Dungeon (15/15)            Temple (0/1) D:7            Lair (6/6) D:9
 Shoals (0/4) Lair:3        Snake (4/4) Lair:4        Slime (0/5) Lair:5
    Orc (2/2) D:12            Elf (0/3) Orc:2        Vaults (0/5) D:13
 Depths (0/5) D:15

Altars:
Ashenzari
Cheibriados
Elyvilon
Hepliaklqana
Makhleb
Okawaru
Qazlal
Ru
Sif Muna
Trog
Vehumet
Xom
Yredelemnul
Zin
The Shining One
Beogh

Shops:
D:6 !   D:7 *   D:8 :   D:9 :   D:15 :   Orc:1 **=   Orc:2 **?[

Annotations:
D:1 exclusion: gnoll
D:4 2 transporters
Lair:1 exclusion: 2 oklob plants
Lair:3 exclusion: oklob plant
Snake:3 Mara


Innate Abilities, Weirdness & Mutations

You have sharp fingernails.
You are mostly covered in iridescent scales. (AC +4)
Your flesh is cold resistant. (rC+)
A meltable icy envelope protects you from harm. (AC +10)
When hurt, damage is shared between your health and your magic reserves.
You regenerate magic rapidly.
When low on magic, you restore magic in place of health.
You are immune to freezing clouds.
You are robust. (+10% HP)
Your muscles are very strong. (Str +4)


Message History

The bolt of electricity hits you!
* * * LOW HITPOINT WARNING * * *
Unknown command.
You claw the shock serpent!
The shock serpent is almost dead.
The shock serpent's electric aura discharges, shocking you!
* * * LOW HITPOINT WARNING * * *
You feel sick. You block the shock serpent's attack.
Unknown command.
You mangle the shock serpent!!
You kill the shock serpent!
Cheibriados thoroughly appreciates the change of pace.
You have reached level 18!
Your experience leads to an increase in your attributes!
Your base attributes are Str 17, Int 12, Dex 17.
Increase (S)trength, (I)ntelligence, or (D)exterity?
You feel stronger.
Your demonic ancestry asserts itself...
You feel your life force and your magical essence meld.
The air sparks with electricity, shocking you!
You die...

.≈§≈########§§≈...##.............
§≈###......###§≈≈..##............
≈##......))).##≈≈≈..##...........
##.......([)..##≈§≈..##..........
#....######(...##§≈≈..##.........
...### ..###...##§≈≈..##........
..## ....##...##§§§.(#........
.## §§≈§.##.(.#≈≈≈..###...... .#
≈≈≈≈..#.@'#####)####..... ##
≈§≈≈≈§##)#(..##.)##......
≈≈≈≈≈§§##)....##)#.......
≈§≈≈§§§#))..(..#)[.......
≈§≈≈§≈.).......#......###
≈≈≈≈§§.#.......#..(.###
≈§§§§§.##.....##..###
≈§≈≈§§.###...##..## ##
≈§≈≈≈.##.#####..##


There were no monsters in sight!

Vanquished Creatures
  Rupert (Snake:1)
  Donald (Snake:3)
  5 nagarajas (Snake:4)
  A fire giant (D:15)
  Aizul (Snake:4)
  A stone giant (Orc:2)
  4 dire elephants (Lair:6)
  The ghost of TryExcept the Carver, a journeyman DrWr of Wu Jian (Lair:3)
  Snorg (Lair:4)
  An ice dragon (D:12)
  4 ogre magi
  Harold (Lair:4)
  Erolcha (D:9)
  11 hydras
  10 naga warriors
  4 centaur warriors
  13 anacondas
  A death knight (D:14)
  A queen ant (Lair:3)
  18 two-headed ogres
  A two-headed ogre (shapeshifter) (D:15)
  The ghost of Spill the Blocker, a novice GnFi of Makhleb (D:10)
  The ghost of kroki the Grappler, a novice MiFi of Wu Jian (D:9)
  4 tengu warriors
  9 naga sharpshooters
  9 shock serpents
  7 salamander mystics
  6 slime creatures
  An iron troll (Orc:2)
  2 skeletal warriors
  A deep troll (Orc:2)
  An unseen horror (D:13)
  A swamp dragon (Snake:2)
  A wizard (D:14)
  A deep elf archer (D:13)
  4 lindwurms (Snake:4)
  2 wolf spider zombies
  10 naga ritualists
  4 deep elf magi
  17 mana vipers
  An orc knight (D:15)
  4 cyclopes
  9 ugly things
  2 manticores
  17 elephants
  13 salamanders
  3 centaur zombies
  20 naga magi
  Maurice (D:13)
  3 gargoyles
  12 spiny frogs
  4 guardian serpents
  36 black mambas
  2 yaktaurs (D:13)
  An efreet (D:14)
  2 freezing wraiths (D:14)
  7 komodo dragons
  6 rime drakes
  2 tengu conjurers
  17 trolls
  A polar bear (D:12)
  19 hippogriffs
  12 blink frogs
  19 dream sheep
  A vampire (D:10)
  A spriggan (D:7)
  3 shadows
  9 basilisks
  3 wraiths
  48 yaks
  17 wyverns
  3 fire bats (Lair:5)
  2 steam dragons
  6 vampire mosquitoes
  4 hungry ghosts
  4 wargs
  36 nagas
  6 soldier ants
  8 swamp worms (Snake:2)
  17 water moccasins
  A porcupine (shapeshifter) (D:15)
  8 porcupines
  18 orc warriors
  An ice beast (D:13)
  7 sky beasts
  A swamp drake (Snake:2)
  5 eyes of draining
  3 black bears
  3 necrophages
  2 wolves (D:12)
  32 ogres
  2 boggarts
  7 centaurs
  3 big kobolds
  15 crocodiles
  2 gnoll sergeants
  14 bullfrogs
  3 scorpions
  5 wyvern skeletons
  23 killer bees
  10 wights
  7 howler monkeys
  2 bullfrog zombies
  4 crimson imps
  2 jellies
  16 orc priests
  8 hounds
  6 bullfrog skeletons
  13 centaur skeletons
  Jessica (D:2)
  36 worker ants
  8 iguanas
  24 orc wizards
  A worker ant zombie (D:8)
  15 gnolls
  A howler monkey skeleton (D:4)
  12 adders
  3 shadow imps
  6 oozes
  2 adder zombies (D:9)
  2 adder skeletons (D:5)
  2 worms (D:3)
  7 dart slugs
  8 leopard geckos
  83 orcs
  A ball python (D:5)
  2 giant cockroaches
  9 goblins
  9 hobgoblins
  14 jackals
  25 kobolds
  6 quokkas
  A ball python zombie (D:6)
  5 bats
  8 frilled lizards
  8 rats
  3 plants (Lair:6)
1070 creatures vanquished.

Vanquished Creatures (others)
  5 naga sharpshooters
  A salamander (Snake:4)
  A sky beast (D:6)
  A boggart (D:14)
  A bullfrog skeleton (D:9)
  5 orcs (D:4)
  21 fungi
  13 plants
48 creatures vanquished.

Grand Total: 1118 creatures vanquished

Notes
Turn   | Place    | Note
-------+----------+-------------------------------------------
     0 | D:1      | RedPan the Demonspawn Monk began the quest for the Orb.
     0 | D:1      | Reached XP level 1. HP: 18/18 MP: 1/1
   400 | D:1      | Reached skill level 3 in Unarmed Combat
   539 | D:1      | Gained mutation: Your flesh is cold resistant. (rC+) [demonic ancestry]
   539 | D:1      | Reached XP level 2. HP: 24/24 MP: 2/2
  1132 | D:1      | Gained mutation: You are immune to freezing clouds. [demonic ancestry]
  1132 | D:1      | Reached XP level 3. HP: 12/29 MP: 3/3
  1904 | D:1      | Reached skill level 4 in Unarmed Combat
  1904 | D:1      | Reached XP level 4. HP: 26/35 MP: 4/4
  2451 | D:2      | Found an iron altar of Okawaru.
  2457 | D:2      | Found a basalt altar of Yredelemnul.
  2457 | D:2      | Found a shattered altar of Ashenzari.
  2459 | D:2      | Noticed Jessica
  2460 | D:2      | Found a glowing silver altar of Zin.
  2466 | D:2      | Killed Jessica
  2643 | D:2      | Found a faded altar of an unknown god.
  2689 | D:2      | Found a hazy altar of Hepliaklqana.
  3133 | D:3      | Reached skill level 1 in Shields
  3142 | D:3      | Reached XP level 5. HP: 24/41 MP: 5/5
  4595 | D:3      | Reached skill level 5 in Unarmed Combat
  4595 | D:3      | Gained mutation: When hurt, damage is shared between your health and your magic reserves. [demonic ancestry]
  4595 | D:3      | Reached XP level 6. HP: 25/47 MP: 6/6
  4873 | D:4      | Found a bloodstained altar of Trog.
  4987 | D:4      | Found a transporter.
  5443 | D:4      | Gained mutation: A meltable icy envelope protects you from harm. (AC +10) [demonic ancestry]
  5443 | D:4      | Reached XP level 7. HP: 6/52 MP: 1/7
  5841 | D:4      | Found a snail-covered altar of Cheibriados.
  5843 | D:4      | Found a sacrificial altar of Ru.
  5955 | D:4      | Found a transporter.
  5998 | D:4      | Reached skill level 6 in Unarmed Combat
  6239 | D:4      | Found a radiant altar of Vehumet.
  6752 | D:5      | Entered Level 5 of the Dungeon
  6783 | D:5      | Reached skill level 5 in Dodging
  6905 | D:4      | Became a worshipper of Cheibriados the Contemplative
  6905 | D:4      | Reached * piety under Cheibriados
  6905 | D:4      | Reached ** piety under Cheibriados
  7193 | D:5      | Gained mutation: You regenerate magic rapidly. [demonic ancestry]
  7193 | D:5      | Reached XP level 8. HP: 53/58 MP: 8/8
  7363 | D:6      | Reached skill level 7 in Unarmed Combat
  7507 | D:6      | Found Ijuat's Distillery.
  7518 | D:6      | Bought a potion of curing for 36 gold pieces
  7765 | D:6      | Found a shimmering altar of Xom.
  7765 | D:6      | Found a shimmering altar of Xom.
  7888 | D:6      | Found a shimmering altar of Xom.
  7889 | D:6      | Found a shimmering altar of Xom.
  7890 | D:6      | Found a shimmering altar of Xom.
  7897 | D:6      | Reached skill level 8 in Unarmed Combat
  7897 | D:6      | Reached skill level 1 in Invocations
  7903 | D:6      | Found a shimmering altar of Xom.
  7903 | D:6      | Found a shimmering altar of Xom.
  8220 | D:7      | Reached *** piety under Cheibriados
  8446 | D:7      | Gained mutation: You have sharp fingernails. [demonic ancestry]
  8446 | D:7      | Reached XP level 9. HP: 59/63 MP: 8/11
  8495 | D:7      | Found Izyrihi's Assorted Antiques.
  8502 | D:7      | Bought a glowing sapphire potion for 24 gold pieces
  8502 | D:7      | Bought a scroll of teleportation for 81 gold pieces
  8502 | D:7      | Bought a glowing sapphire potion for 24 gold pieces
  8549 | D:7      | Found a staircase to the Ecumenical Temple.
  8886 | D:7      | Found a glowing golden altar of the Shining One.
  8918 | D:7      | Reached skill level 9 in Unarmed Combat
  9053 | D:7      | Reached **** piety under Cheibriados
  9240 | D:8      | Reached skill level 5 in Invocations
  9495 | D:8      | Found Nunek's Book Shoppe.
  9610 | D:8      | Reached skill level 1 in Armour
  9840 | D:9      | Identified a scroll of acquirement
  9850 | D:9      | Noticed kroki's ghost (novice MiFi)
  9864 | D:9      | Killed kroki's ghost
  9864 | D:9      | Reached skill level 10 in Unarmed Combat
  9864 | D:9      | Reached XP level 10. HP: 66/70 MP: 14/14
  9939 | D:9      | Found a stormy altar of Qazlal.
 10008 | D:9      | Reached ***** piety under Cheibriados
 10053 | D:9      | Noticed Erolcha
 10077 | D:9      | Found a staircase to the Lair.
 10442 | D:9      | Reached skill level 11 in Unarmed Combat
 10589 | D:9      | Killed Erolcha
 10702 | D:9      | Found Isostreaff's Book Boutique.
 11262 | D:9      | Found a white marble altar of Elyvilon.
 11461 | D:10     | Entered Level 10 of the Dungeon
 11596 | D:10     | Reached XP level 11. HP: 33/75 MP: 5/15
 12028 | D:10     | Reached skill level 5 in Armour
 12092 | D:10     | Reached skill level 12 in Unarmed Combat
 12542 | D:10     | Noticed Spill's ghost (novice GnFi)
 12555 | D:10     | Killed Spill's ghost
 12820 | D:11     | Reached ****** piety under Cheibriados
 12996 | D:11     | Got a brightly glowing chain mail
 12997 | D:11     | Identified the +4 chain mail "Miecaoge" {Dex+4} (You found it on level 11 of the Dungeon)
 13290 | D:11     | Noticed a brown ugly thing
 13296 | D:11     | Killed a brown ugly thing
 13327 | D:11     | Reached skill level 13 in Unarmed Combat
 13335 | D:11     | Reached skill level 5 in Fighting
 13447 | D:11     | Found a deep blue altar of Sif Muna.
 13828 | D:12     | Found a staircase to the Orcish Mines.
 13944 | D:12     | Noticed a red ugly thing
 13957 | D:12     | Killed a red ugly thing
 13957 | D:12     | Reached XP level 12. HP: 63/86 MP: 13/18
 14550 | D:12     | Noticed a two-headed ogre
 14555 | D:12     | Killed a two-headed ogre
 14569 | D:12     | Got an ancient robe
 14570 | D:12     | Identified the cursed +1 robe of the Okapi {rC- Regen+ Dex+6} (You found it on level 12 of the Dungeon)
 14589 | D:12     | Noticed a two-headed ogre
 14593 | D:12     | Killed a two-headed ogre
 14602 | D:12     | Noticed an ice dragon
 14631 | D:12     | Killed an ice dragon
 14631 | D:12     | Reached skill level 5 in Shields
 15159 | Lair:1   | Entered Level 1 of the Lair of Beasts
 15468 | Lair:1   | Reached skill level 14 in Unarmed Combat
 15522 | Lair:1   | Noticed a six-headed hydra
 15532 | Lair:1   | Killed a six-headed hydra
 16662 | Lair:3   | Noticed a seven-headed hydra
 16725 | Lair:3   | Gained mutation: You are partially covered in iridescent scales. (AC +2) [demonic ancestry]
 16725 | Lair:3   | Reached XP level 13. HP: 96/96 MP: 19/19
 16754 | Lair:3   | Found a staircase to the Shoals.
 17668 | Lair:3   | Noticed TryExcept's ghost (journeyman DrWr)
 17681 | Lair:3   | Killed TryExcept's ghost
 18065 | Lair:3   | Reached skill level 15 in Unarmed Combat
 18339 | Lair:4   | Noticed Harold
 18355 | Lair:4   | Killed Harold
 18539 | Lair:4   | Noticed Snorg
 18575 | Lair:4   | Killed Snorg
 18884 | Lair:4   | Found a staircase to the Snake Pit.
 19289 | Lair:4   | Gained mutation: You are mostly covered in iridescent scales. (AC +4) [demonic ancestry]
 19289 | Lair:4   | Reached XP level 14. HP: 106/106 MP: 20/20
 19571 | Lair:5   | Found a staircase to the Slime Pits.
 20049 | Lair:6   | Entered Level 6 of the Lair of Beasts
 20418 | Lair:6   | Reached skill level 10 in Dodging
 21381 | Lair:6   | Reached skill level 10 in Invocations
 21472 | Lair:6   | Reached skill level 16 in Unarmed Combat
 22267 | D:9      | Bought a book of Geomancy for 490 gold pieces
 22270 | D:9      | Learned a level 2 spell: Passwall
 22381 | Orc:1    | Entered Level 1 of the Orcish Mines
 22381 | Orc:1    | Found Pauvuciu's General Store.
 22381 | Orc:1    | Found Lyoparuiff's Assorted Antiques.
 22395 | Orc:1    | Bought a potion of mutation for 88 gold pieces
 22399 | Orc:1    | Gained mutation: Your muscles are strong. (Str +2) [potion of mutation]
 22399 | Orc:1    | Gained mutation: You are robust. (+10% HP) [potion of mutation]
 22399 | Orc:1    | Gained mutation: Your muscles are very strong. (Str +4) [potion of mutation]
 22419 | Orc:1    | Found Etear's Jewellery Emporium.
 22501 | Orc:1    | Found a burning altar of Makhleb.
 22545 | Orc:1    | Found a roughly hewn altar of Beogh.
 22853 | Orc:2    | Entered Level 2 of the Orcish Mines
 23060 | Orc:2    | Reached skill level 1 in Earth Magic
 23102 | Orc:2    | Noticed a stone giant
 23112 | Orc:2    | Reached XP level 15. HP: 64/124 MP: 5/22
 23154 | Orc:2    | Found Ittur's Assorted Antiques.
 23203 | Orc:2    | Found Jowaelas's Magic Scroll Shoppe.
 23204 | Orc:2    | Found Qemuclit's Armour Shop.
 23286 | Orc:2    | Found a staircase to the Elven Halls.
 23450 | Orc:2    | Found Icoitz's Assorted Antiques.
 23489 | Orc:2    | Bought a scroll of acquirement for 780 gold pieces
 24439 | D:13     | Noticed Maurice
 24615 | D:13     | Reached skill level 17 in Unarmed Combat
 24807 | D:13     | Killed Maurice
 24827 | D:13     | Found a gate to the Vaults.
 25312 | D:14     | Reached skill level 10 in Shields
 25613 | D:15     | Entered Level 15 of the Dungeon
 25688 | D:15     | Reached skill level 5 in Earth Magic
 25808 | D:15     | Reached XP level 16. HP: 98/132 MP: 23/23
 26180 | D:15     | Found a staircase to the Depths.
 26676 | D:15     | Found Suig Qos's Book Boutique.
 27070 | D:9      | Bought a book of Necromancy for 420 gold pieces
 27074 | D:9      | Learned a level 3 spell: Regeneration
 27223 | Snake:1  | Entered Level 1 of the Snake Pit
 27312 | Snake:1  | Got a jewelled buckler
 27313 | Snake:1  | Identified the cursed +0 buckler "Beugy" {-Tele rCorr Dex+2} (You found it on level 1 of the Snake Pit)
 27365 | Snake:1  | Reached skill level 1 in Transmutations
 27483 | Snake:1  | Noticed Rupert
 27499 | Snake:1  | Killed Rupert
 27499 | Snake:1  | Reached skill level 1 in Necromancy
 28102 | Snake:2  | Reached skill level 18 in Unarmed Combat
 28197 | Snake:2  | Got a jewelled ring mail
 28201 | Snake:2  | Identified the +1 ring mail of Wu Jian's Wrath {rF+ rC+ rCorr Dex-3} (You took it off a salamander on level 2 of the Snake Pit)
 29759 | Snake:3  | Reached XP level 17. HP: 127/137 MP: 24/24
 29769 | Snake:3  | Reached skill level 5 in Necromancy
 29810 | Snake:3  | Noticed Donald
 29826 | Snake:3  | Killed Donald
 30225 | Snake:3  | Noticed Mara
 30226 | Snake:3  | Noticed RedPan's illusion
 30623 | Snake:4  | Entered Level 4 of the Snake Pit
 32971 | Snake:4  | Noticed Aizul
 32986 | Snake:4  | Killed Aizul
 33304 | Snake:4  | HP: 5/137 [shock serpent/electric aura (2)]
 33305 | Snake:4  | Gained mutation: When low on magic, you restore magic in place of health. [demonic ancestry]
 33305 | Snake:4  | Reached XP level 18. HP: 5/145 MP: 1/25
 33305 | Snake:4  | Killed from afar by a shock serpent

Vault maps used:
D:1:      dpeg_cavernosity
D:2:      minitemple, overflow_temple_1_default,
          chequers_ecumenical_altar_twisty, uniq_jessica
D:3:      first_ration, hangedman_decor_clover_reticule
D:4:      gammafunk_wand_slinger, fiery_altar_vehumet,
          nicolae_overflow_hidden_temple, trog_eyes_of_draining
D:5:      nrook_uturn
D:6:      serial_shops, shop, nicolae_xom_altar_mimics
D:7:      hangedman_cross_stitches, kennysheep_mini, minmay_temple_entry_glass,
          serial_shops, shop, the_bakery
D:8:      serial_shops, shop_fountains
D:9:      kennysheep_mini_moat, marbit_many_paths, erik_lair_dragon,
          serial_shops, nicolae_shop_window_shopping, minmay_lizard_king,
          uniq_erolcha
D:11:     lemuel_blue_sif_altar
D:12:     hiddenorc1_lemuel, portal_ice_cave_entry_animals_and_master
D:13:     hangedman_vaults_entry_quadrant_bands, uniq_maurice
D:14:     hangedman_abyss_or_decor_jellyfish_corner, lemuel_statue_altar
D:15:     grunt_enter_depths_giant_problem, serial_shops, nicolae_shop_trees,
          hangedman_decor_opposing, lightli_corner_chamber
Lair:1:   serial_bayou_shore_b, minmay_lair_oklob_chamber, grunt_megastairs_2,
          lemuel_fruit_tree, infiniplex_staircase_pool_2
Lair:2:   grunt_megastairs_1
Lair:3:   minmay_shoals_entry_beasts, zaba_antful_of_joy
Lair:4:   dummy_snake_entry, special_room, grunt_megastairs_3, uniq_harold,
          uniq_snorg
Lair:5:   nicolae_slime_entry_slimehenge
Lair:6:   due_jungle_book
Snake:1:  uniq_rupert
Snake:2:  onia_ninara_swampy_vault, serial_bayou_pond_e
Snake:3:  uniq_mara, uniq_donald
Snake:4:  snake_pit_salamanders_mu, uniq_aizul
Orc:1:    nicolae_orc_accident_2, serial_shops, nicolae_shop_trees, shop, shop,
          shop, bloody_makhleb
Orc:2:    st_orc_open, enter_volcano_4

Skill      XL: |  1  2  3  4  5  6  7  8  9 10 11 12 13 14 15 16 17 |
---------------+----------------------------------------------------+-----
Unarmed Combat | 3 4 5 6 8 10 11 13 14 15 16 17 18 | 18.0
Dodging        | 3 4 5 6 7 8 9 10 11 | 11.0
Shields        | 1 2 3 4 6 7 9 10 11 12 | 12.4
Invocations    | 2 6 9 10 | 10.3
Armour         | 2 4 5 6 8 9 |  9.9
Fighting       | 5 7 8 9 |  9.0
Earth Magic    | 2 5 7 9 |  9.3
Transmutations | 1 |  1.1
Necromancy     | 4 8 |  8.4
Stealth        | |  1.7

Action                   |  1- 3 |  4- 6 |  7- 9 | 10-12 | 13-15 | 16-18 || total
-------------------------+-------+-------+-------+-------+-------+-------++-------
Melee: Unarmed           |   144 |   302 |   475 |   870 |  1410 |  1081 ||  4282
       Punch             |       |     1 |       |       |       |       ||     1
Invok: Bend Time         |       |       |       |     3 |     3 |     2 ||     8
       Temporal Distorti |       |       |       |     1 |       |     1 ||     2
       Slouch            |       |       |       |       |     6 |     1 ||     7
       Step From Time    |       |       |       |       |     1 |       ||     1
Evoke: Wand              |       |       |     1 |       |       |       ||     1
  Use: Potion            |     3 |     1 |     1 |     1 |     5 |     5 ||    16
       Scroll            |       |     8 |     7 |    10 |    10 |     9 ||    44
 Stab: Sleeping          |     3 |     1 |     1 |       |       |       ||     5
       Distracted        |       |       |       |       |       |     1 ||     1
       Invisible         |       |       |       |       |       |     3 ||     3
  Eat: Chunk             |     3 |    12 |     9 |    16 |    20 |     8 ||    68
       Ration            |       |       |       |       |       |     2 ||     2
Armor: Robe              |    10 |    27 |    43 |       |       |       ||    80
       Skin              |    22 |       |       |       |       |       ||    22
       Chain mail        |       |       |    86 |   252 |   442 |   190 ||   970
Dodge: Dodged            |    94 |   153 |   266 |   523 |   937 |   566 ||  2539
Block: Buckler           |       |    37 |   111 |   320 |   379 |       ||   847
       Shield            |       |       |       |       |   557 |   734 ||  1291
       Large shield      |       |       |       |       |       |   351 ||   351
       Reflection        |       |       |       |       |       |    66 ||    66

Table legend:
 A = Spawn XP
 B = Non-spawn XP
 C = Spawn XP percentage of total XP
 D = Spawn monster count
 E = Non-spawn monster count
 F = Spawn count percentage of total count
 G = Total turns spent on level
                    A         B        C        D         E        F      G
               +---------+---------+-------+---------+---------+-------+---------
         Total |       0 |  290546 |   0.0 |       0 |    1074 |   0.0 | 33305
               +---------+---------+-------+---------+---------+-------+---------
           D:1 |       0 |     100 |   0.0 |       0 |      34 |   0.0 |  2189
           D:2 |       0 |      56 |   0.0 |       0 |       9 |   0.0 |   573
           D:3 |       0 |     254 |   0.0 |       0 |      36 |   0.0 |  2140
           D:4 |       0 |     905 |   0.0 |       0 |      19 |   0.0 |  1874
           D:5 |       0 |     125 |   0.0 |       0 |       9 |   0.0 |   537
           D:6 |       0 |    1052 |   0.0 |       0 |      25 |   0.0 |   873
           D:7 |       0 |    1544 |   0.0 |       0 |      28 |   0.0 |   867
           D:8 |       0 |    1270 |   0.0 |       0 |      19 |   0.0 |   803
           D:9 |       0 |    5404 |   0.0 |       0 |      56 |   0.0 |  1907
          D:10 |       0 |    4278 |   0.0 |       0 |      42 |   0.0 |  1416
          D:11 |       0 |    5239 |   0.0 |       0 |      38 |   0.0 |   908
          D:12 |       0 |    8231 |   0.0 |       0 |      55 |   0.0 |  1528
          D:13 |       0 |   19434 |   0.0 |       0 |      62 |   0.0 |  1108
          D:14 |       0 |   14952 |   0.0 |       0 |      47 |   0.0 |   710
          D:15 |       0 |   22181 |   0.0 |       0 |      58 |   0.0 |  1284
        Lair:1 |       0 |    5515 |   0.0 |       0 |      23 |   0.0 |   937
        Lair:2 |       0 |    3715 |   0.0 |       0 |      17 |   0.0 |   693
        Lair:3 |       0 |   15749 |   0.0 |       0 |      73 |   0.0 |  1626
        Lair:4 |       0 |   11374 |   0.0 |       0 |      38 |   0.0 |  1109
        Lair:5 |       0 |    4488 |   0.0 |       0 |      23 |   0.0 |   692
        Lair:6 |       0 |   20363 |   0.0 |       0 |      51 |   0.0 |  2031
       Snake:1 |       0 |   17776 |   0.0 |       0 |      31 |   0.0 |   863
       Snake:2 |       0 |   23127 |   0.0 |       0 |      51 |   0.0 |  1754
       Snake:3 |       0 |   17903 |   0.0 |       0 |      34 |   0.0 |   783
       Snake:4 |       0 |   65209 |   0.0 |       0 |      96 |   0.0 |  2682
         Orc:1 |       0 |    1148 |   0.0 |       0 |      15 |   0.0 |   506
         Orc:2 |       0 |   19154 |   0.0 |       0 |      85 |   0.0 |   912
               +---------+---------+-------+---------+---------+-------+---------
